 Dungeon Crawl Stone Soup version 0.27.1-34-g3ba077fa99 (webtiles) character file.

Game seed: 15273925054427317233

129 Ijustatesigmund the Skirmisher (level 5, -10/34 HPs)
             Began as a Gargoyle Fighter on Jan 27, 2022.
             Was an Initiate of Cheibriados.
             Mangled by an ogre (11 damage)
             ... on level 4 of the Dungeon.
             The game lasted 00:04:18 (2778 turns).

Ijustatesigmund the Skirmisher (Gargoyle Fighter)   Turns: 2778, Time: 00:04:18

Health: -10/34     AC: 13    Str: 22    XL:     5   Next: 12%
Magic:  5/5        EV:  5    Int:  9    God:    Cheibriados [......]
Gold:   170        SH:  9    Dex: 10    Spells: 4/4 levels left

rFire    . . .     SeeInvis .   a - +0 flail
rCold    . . .     Faith    .   c - +0 kite shield
rNeg     + + .     Spirit   .   b - +0 chain mail
rPois    ∞         Reflect  .   (no helmet)
rElec    +         Harm     .   (no cloak)
rCorr    .         Rampage  .   (no gloves)
Will     .....                  (no boots)
Stlth    ..........             (no amulet)
HPRegen  0.11/turn              g - ring of positive energy
MPRegen  0.09/turn              h - +4 ring of slaying

@: very slow
A: sickness immunity, AC +4, negative energy resistance 1, electricity
resistance, torment resistance 1, petrification resistance
a: Renounce Religion, Bend Time


You were on level 4 of the Dungeon.
You worshipped Cheibriados.
Cheibriados was noncommittal.
You visited 1 branch of the dungeon, and saw 4 of its levels.

You collected 170 gold pieces.

Inventory:

Hand Weapons
 a - a +0 flail (weapon)
Armour
 b - a +0 chain mail (worn)
 c - a +0 kite shield (worn)
Jewellery
 g - a ring of positive energy (left hand)
 h - a +4 ring of slaying (right hand)
 l - a ring of flight
Wands
 i - a wand of charming (12)
Scrolls
 n - a scroll of amnesia
Potions
 d - a potion of might
 j - a potion of flight
 k - a potion of degeneration {unknown}
 m - a potion of ambrosia {unknown}


   Skills:
 + Level 4.4 Fighting
 + Level 4.3 Maces & Flails
 - Level 3.2 Armour
 - Level 3.2 Shields
 + Level 0.2 Invocations


You had 4 spell levels left.
You didn't know any spells.
Your spell library contained the following spells:

 Spells                   Type           Power      Damage    Failure   Level
 Summon Small Mammal      Summ           0%         N/A       100%        1
 Corpse Rot               Necr/Air       N/A        N/A       100%        2
 Poisonous Vapours        Pois/Air       0%         N/A       100%        2
 Call Canine Familiar     Summ           0%         N/A       100%        3
 Summon Guardian Golem    Hex/Summ       0%         N/A       100%        3
 Freezing Cloud           Conj/Ice/Air   0%         6-21      100%        5


Dungeon Overview and Level Annotations

Branches:
Dungeon (4/15)
 Temple: D:4-7

Altars:
Cheibriados
Xom


Innate Abilities, Weirdness & Mutations

You are immune to sickness and miasma.
Your stone body is resilient. (AC +4)
You are immune to poison.
You resist negative energy. (rN+)
You are resistant to electric shocks. (rElec)
You are resistant to unholy torment.
You are immune to petrification.


Message History

Found a stone staircase leading down.
You sock the gnoll!
The gnoll is severely wounded.
The gnoll hits you but does no damage. You block the gnoll's attack.
You closely miss the gnoll.
The gnoll is severely wounded.
The gnoll hits you but does no damage.
You sock the gnoll!
You kill the gnoll!
Cheibriados appreciates the change of pace.
Things that are here:
a +0 club; a gnoll corpse You start resting.
HP restored.
Found a masterwork trident.
An ogre comes into view. It is wielding a +0 giant club.
Found 10 gold pieces.
The ogre shouts!
You sock the ogre!
The ogre is moderately wounded.
The ogre hits you with a +0 giant club!!
Ouch! That really hurt!
You are too injured to fight recklessly!
You are too injured to fight recklessly!
You are too injured to fight recklessly!
You are too injured to fight recklessly!
You are too injured to fight recklessly!
You are too injured to fight recklessly!
You are too injured to fight recklessly!
You hit the ogre.
The ogre is moderately wounded.
The ogre hits you but does no damage.
Your shield and chain mail prevent you from hitting the ogre.
The ogre is moderately wounded.
The ogre hits you with a +0 giant club!
* * * LOW HITPOINT WARNING * * *
You sock the ogre!
The ogre is severely wounded.
The ogre hits you with a +0 giant club!
You die...

..#..###..#
##?.....#..# #......
#..# # #.#.... #..#.#
#.....###..#.###
#.........>....#
########.###........#.#
.........#......@O....#
..........)...#.......#
....######.##.#.#####.#
....# #.##.#.$ ......
.....)### .......
.......#
#[.............#
.!....#######.##
......# .#


You could see an ogre.

Vanquished Creatures
  Jessica (D:2)
  A gnoll (D:4)
  4 adders
  An adder skeleton (D:3)
  2 worms (D:2)
  A dart slug (D:1)
  6 endoplasms
  3 giant cockroaches
  4 goblins
  3 hobgoblins
  4 jackals (D:2)
  6 kobolds
  A quokka (D:3)
  3 bats
  2 frilled lizards
  5 rats
  A spectral kobold (D:1)
48 creatures vanquished.

Notes
Turn   | Place    | Note
-------+----------+-------------------------------------------
     0 | D:1      | Ijustatesigmund the Gargoyle Fighter began the quest for
                  | the Orb.
     0 | D:1      | Reached XP level 1. HP: 14/14 MP: 1/1
   274 | D:1      | Reached XP level 2. HP: 5/19 MP: 2/2
   531 | D:1      | Found a faded altar of an unknown god.
   999 | D:2      | Reached XP level 3. HP: 18/24 MP: 3/3
  1173 | D:2      | Noticed Jessica
  1189 | D:2      | Killed Jessica
  1293 | D:2      | Reached XP level 4. HP: 24/29 MP: 4/4
  2095 | D:3      | Found a shimmering altar of Xom.
  2101 | D:3      | Found a shimmering altar of Xom.
  2101 | D:3      | Found a shimmering altar of Xom.
  2150 | D:3      | Found a shimmering altar of Xom.
  2365 | D:3      | Reached XP level 5. HP: 34/34 MP: 5/5
  2409 | D:3      | Found a snail-covered altar of Cheibriados.
  2421 | D:3      | Became a worshipper of Cheibriados the Contemplative
  2574 | D:4      | Noticed an orc warrior
  2772 | D:4      | Noticed an ogre
  2777 | D:4      | HP: 1/34 [ogre (15)]
  2778 | D:4      | Mangled by an ogre

Illustrated notes

Levels and vault maps discovered:
D:1:      tarquinn_simple_flora_water_b, layout_basic,
          dreamdust_ecumenical_altar_drowned_temple, minmay_misc_feat_five,
          st_stairs_11
D:2:      layout_loops_ring, minmay_misc_feat_nine_boxes, uniq_jessica
D:3:      layout_rooms, xom_redecorated, cheibriados_altar_1
D:4:      cheibrodos_barr_body, layout_basic,
          grunt_temple_overflow_gold_and_silver, guppyfry_early_orc_mine

Skill      XL: |  1  2  3  4 |
---------------+-------------+-----
Maces & Flails | 3 4 |  4.3
Fighting       | 4 |  4.4
Armour         | |  3.2
Shields        | |  3.2
Invocations    | |  0.2

Action                   |  1- 3 |  4- 6 || total
-------------------------+-------+-------++-------
Melee: Flail             |    72 |   106 ||   178
  Use: Scroll            |     3 |     3 ||     6
       Potion            |       |     1 ||     1
Armor: Scale mail        |    29 |    44 ||    73
       Chain mail        |       |    19 ||    19
Dodge: Dodged            |    14 |    44 ||    58
Block: Kite shield       |    41 |    55 ||    96
